 Dungeon Crawl Stone Soup version 0.30-a0-852-g08b95dd62f (webtiles) character file.

Game seed: 9309532313000770708

261 Nick1 the Grave Robber (level 5, -1/35 HPs)
             Began as a Demonspawn Necromancer on Mar 4, 2023.
             Killed from afar by an orc wizard (8 damage)
             ... with a magic dart
             ... on level 4 of the Dungeon.
             The game lasted 00:17:39 (2332 turns).

Nick1 the Grave Robber (Demonspawn Necromancer)     Turns: 2332, Time: 00:17:39

Health: -1/35      AC:  2    Str:  8    XL:     5   Next: 96%
Magic:  5/10       EV: 12    Int: 18    God:
Gold:   193        SH:  4    Dex: 14    Spells: 1/11 levels left

rFire   . . .      SeeInvis .    c - +0 short sword (elec)
rCold   . . .      Faith    .    (no shield)
rNeg    . . .      Spirit   .    a - +0 robe
rPois   .          Reflect  .    (no helmet)
rElec   .          Rampage  .    (no cloak)
rCorr   .                        (no gloves)
Will    .....                    (no boots)
Stlth   ++                       (no amulet)
HPRegen 0.25/turn                (no ring)
MPRegen 0.12/turn                (no ring)

@: no status effects
A: large bone plates 1, spiny 1
a: no special abilities


You were on level 4 of the Dungeon.
You visited 1 branch of the dungeon, and saw 4 of its levels.

You collected 193 gold pieces.

Inventory:

Hand Weapons
 c - a +0 short sword of electrocution (weapon)
 g - a +1 dagger of flaming
 k - a +0 dagger of venom
Armour
 a - a +0 robe (worn)
 s - the +5 ring mail of Hallol {+Inv}
   (You found it on level 3 of the Dungeon)

   +Inv:      It lets you turn invisible.
Jewellery
 q - a ring of wizardry
Wands
 u - a wand of digging (7)
Scrolls
 d - 2 scrolls of teleportation
 i - a scroll of blinking {unknown}
 o - a scroll of noise {unknown}
 p - a scroll of amnesia {unknown}
 t - a scroll of fog {unknown}
Potions
 b - 2 potions of magic
 e - a potion of lignification {unknown}
 f - 2 potions of brilliance
 h - a potion of haste {unknown}
 j - a potion of curing {unknown}
 l - a potion of cancellation {unknown}
 m - 3 potions of ambrosia
 n - a potion of might {unknown}
 r - a potion of berserk rage {unknown}
 v - a potion of attraction {unknown}


   Skills:
 + Level 1.1 Short Blades
 * Level 2.7 Dodging
 * Level 2.8 Stealth
 + Level 0.1 Shields
 * Level 3.5 Spellcasting
 * Level 5.7 Necromancy


You had one spell level left.
You knew the following spells:

 Your Spells              Type           Power      Damage    Failure   Level
a - Necrotise             Necr           92%        1d8       1%          1
b - Vampiric Draining     Necr           23%        2d7       4%          3
c - Animate Dead          Necr           23%        N/A       14%         4
d - Cigotuvi's Dreadful   Necr/Pois/Air  20%        N/A       11%         2

Your spell library contained the following spells:

 Spells                   Type           Power      Damage    Failure   Level
 Dispel Undead            Necr           23%        3d12      14%         4
 Agony                    Necr           23%        N/A       38%         5
 Summon Guardian Golem    Hex/Summ       3%         N/A       43%         3
 Death Channel            Necr           11%        N/A       92%         6
 Orb of Destruction       Conj           1%         9d5       100%        7
 Spellforged Servitor     Conj/Summ      1%         N/A       100%        7


Dungeon Overview and Level Annotations

Branches:
Dungeon (4/15)
 Temple: D:4-7

Altars:
Okawaru


Innate Abilities, Weirdness & Mutations

You are partially covered in large bone plates. (SH +4)
You are partially covered in sharp spines.


Message History

The orc priest calls upon Beogh to heal the orc.
The orc's wounds heal themselves!
The orc zaps a wand.
The roots erupt in riotous growth!
Roots grab your orc priest zombie.
The orc priest is unaffected.
The orc is unaffected. x2
The grasping roots constrict your orc priest zombie.
A magic dart appears from out of thin air!
The magic dart hits you.
* * * LOW HITPOINT WARNING * * *
The orc zaps a wand.
The roots erupt in riotous growth!
The orc priest is unaffected.
The orc is unaffected. x2
The grasping roots constrict something.
Casting: Animate Dead (quite dangerous; 14% risk of failure)
Confirm with . or Enter, or press ? or * to list all spells.
Aiming: Vampiric Draining (dangerous; 4% risk of failure)
Press: ? - help, Shift-Dir - straight line, f - orc priest
Aim: an orc priest, wielding a +0 falchion and wearing a +0 leather armour (almost dead)
You draw life force from the orc priest!
You kill the orc priest!
You feel life coursing into your body.
The dead are walking!
Something hits your orc priest zombie. x2
The orc hits something with a +0 mace.
The grasping roots constrict something.
Your Short Blades skill increases to level 1!
Something hits your orc priest zombie.
The orc hits something with a +0 mace.
Something hits your orc priest zombie.
Your reaping aura expires.
Something closely misses your orc priest zombie. x2
Something hits your orc priest zombie. Something hits your orc priest zombie!
Your orc priest zombie is destroyed!
Something hits your dart slug zombie!
Casting: Vampiric Draining (dangerous; 4% risk of failure)
Confirm with . or Enter, or press ? or * to list all spells.
Aiming: Necrotise (safe; 1% risk of failure)
Press: ? - help, Shift-Dir - straight line, f - orc
Aim: an orc, wielding a +0 hand axe (chance to affect: 91%)
Something writhes in agony.
You hear some strange, mumbled words.
A magic dart appears from out of thin air!
The magic dart hits you!
You die...

######.#
#.##.#
#.### ....#
#...####..#
###.......#
##(.###.#
##>..#.#
#...#.#
#...#.###
#.#...@Z#
#.#####{#
.....o.o#
.##.###..o
. o #..#. #
...#..
.#..# .#
#.... ..
.#.. .#


You could see 2 orcs and a friendly dart slug zombie.

Vanquished Creatures
  A centaur (D:3)
  2 orc priests (D:4)
  A sleepcap (D:2)
  An adder (D:2)
  A worm (D:2)
  2 dart slugs
  7 ball pythons
  6 endoplasms
  3 giant cockroaches
  4 goblins
  3 hobgoblins
  8 jackals
  6 kobolds
  2 quokkas (D:1)
  12 bats
  10 frilled lizards
  5 rats
74 creatures vanquished.

Vanquished Creatures (collateral kills)
  A hobgoblin (D:1)
  4 frilled lizards (D:1)
  A kobold (D:1)
6 creatures vanquished.

Vanquished Creatures (others)
  2 orc zombies (D:4)
  A hobgoblin zombie (D:4)
  2 withered plants (D:3)
5 creatures vanquished.

Grand Total: 85 creatures vanquished

Notes
Turn   | Place    | Note
-------+----------+-------------------------------------------
     0 | D:1      | Nick1 the Demonspawn Necromancer began the quest for the
                  | Orb.
     0 | D:1      | Reached XP level 1. HP: 13/13 MP: 3/3
   108 | D:1      | Gained mutation: You are partially covered in sharp spines.
                  | [demonic ancestry]
   108 | D:1      | Reached XP level 2. HP: 15/19 MP: 0/5
   515 | D:1      | Reached XP level 3. HP: 21/24 MP: 6/6
   519 | D:1      | Learned a level 3 spell: Vampiric Draining
  1074 | D:2      | Reached skill level 5 in Necromancy
  1178 | D:2      | Gained mutation: You are partially covered in large bone
                  | plates. (SH +4) [demonic ancestry]
  1178 | D:2      | Reached XP level 4. HP: 30/30 MP: 3/8
  1298 | D:2      | Learned a level 4 spell: Animate Dead
  1699 | D:3      | Identified the +5 ring mail of Hallol {+Inv}
  1730 | D:3      | Noticed a centaur
  1735 | D:3      | Killed a centaur
  1736 | D:3      | Reached XP level 5. HP: 32/35 MP: 8/10
  1809 | D:3      | Found a faded altar of an unknown god.
  1892 | D:3      | Found an iron altar of Okawaru.
  2295 | D:4      | Learned a level 2 spell: Cigotuvi's Dreadful Rot
  2327 | D:4      | Reached skill level 1 in Short Blades
  2332 | D:4      | Killed from afar by an orc wizard

Illustrated notes

Levels and vault maps discovered:
D:1:      scummos_arrival_forest, layout_loops_ring, serial_forest,
          infiniplex_forest_clump_C, infiniplex_forest_lined_3,
          infiniplex_forest_join, infiniplex_forest_clump_long,
          infiniplex_forest_straight_5, infiniplex_forest_fountain, st_stairs_7,
          minmay_lizard_pond
D:2:      layout_loops_ring, kennysheep_crisscross
D:3:      layout_rooms, mainiacjoe_overflow_paths,
          ebering_ecumenical_altar_petrified, serial_corexii_hall,
          chequers_hall_statues_wall_a, chequers_hall_statues_corner_a,
          chequers_hall_statues_wall_a, chequers_hall_statues_y
D:4:      minmay_octagon_keep, layout_basic, worldfamousw_hep_ancestral_shrine,
          dreamdust_gnoll_farm

Skill      XL: |  1  2  3  4  5 |
---------------+----------------+-----
Stealth        | 2 |  2.8
Dodging        | 2 |  2.7
Necromancy     | 5 |  5.7
Spellcasting   | 3 |  3.5
Short Blades   | 1 |  1.1
Shields        | |  0.1

Action                     |  1- 3 |  4- 6 || total
---------------------------+-------+-------++-------
  Melee: Unarmed           |    17 |       ||    17
         Short sword       |    47 |    45 ||    92
   Cast: Necrotise         |    35 |    12 ||    47
         Animate Dead      |       |     3 ||     3
         Vampiric Draining |       |     1 ||     1
    Use: Scroll            |       |     3 ||     3
   Stab: Sleeping          |     1 |     1 ||     2
 Armour: Robe              |    14 |     7 ||    21
  Dodge: Dodged            |    35 |    21 ||    56
  Block: Other             |       |     6 ||     6

Table legend: (Time is in decaauts)
 A = Elapsed time spent in this place.
 B = Non-inter-level travel time spent in this place.
 C = Inter-level travel time spent in this place.
 D = Time resting spent in this place.
 E = Time spent auto-exploring this place.
 F = Levels seen in this place.
 G = Mean time per level.
                   A        B        C        D        E       F      G
               +--------+--------+--------+--------+--------+-----+--------+
         Total |   2329 |   2222 |    107 |     18 |   1219 |   4 |  582.2 |
       Dungeon |   2329 |   2222 |    107 |     18 |   1219 |   4 |  582.2 |
               +--------+--------+--------+--------+--------+-----+--------+

Top non-repeatable levels by time:
     D:1: 967 daAuts
     D:2: 694 daAuts
     D:3: 567 daAuts
     D:4: 100 daAuts
